 Dungeon Crawl Stone Soup version 0.31-a0-237-g2d982f9f85 (webtiles) character file.

Game seed: 14565647102446817739

38 qw the Shooter (level 3, -13/29 HPs)
             Began as a Minotaur Hexslinger on July 11, 2023.
             Killed from afar by Ijyb (21 damage)
             ... with an iceblast
             ... on level 3 of the Dungeon.
             The game lasted 00:00:29 (1311 turns).

qw the Shooter (Minotaur Hexslinger)                Turns: 1311, Time: 00:00:30

Health: -13/29     AC:  3    Str: 12    XL:     3   Next: 25%
Magic:  3/3        EV: 12    Int: 10    God:
Gold:   100        SH:  0    Dex: 14    Spells: 3/4 levels left

rFire   . . .        Y - +2 sling
rCold   . . .        (no shield)
rNeg    . . .        e - +0 leather armour
rPois   .            (helmet restricted)
rElec   .            (no cloak)
rCorr   .            (no gloves)
SInv    .            (no boots)
Will    .....        (no amulet)
Stlth   +            (no ring)
HPRegen 0.24/turn    (no ring)
MPRegen 0.08/turn

%: no passive effects
@: no status effects
A: horns 2, retaliatory headbutt
a: no special abilities


You were on level 3 of the Dungeon.
You visited 1 branch of the dungeon, and saw 3 of its levels.

You collected 100 gold pieces.


Innate Abilities, Weirdness & Mutations

You have a pair of horns on your head.
You reflexively headbutt those who attack you in melee.


   Skills:
 - Level 2.0 Fighting
 + Level 3.8 Ranged Weapons
 - Level 2.1 Dodging
 - Level 1.0 Spellcasting
 - Level 2.0 Hexes


You had 3 spell levels left.
You knew the following spells:

 Your Spells              Type           Power      Damage    Failure   Level
a - Slow                  Hex            16%        N/A       19%         1

Your spell library contained the following spells:

 Spells                   Type           Power      Damage    Failure   Level
 Inner Flame              Hex/Fire       2%         N/A       65%         3
 Portal Projectile        Hex/Tloc       4%         N/A       65%         3
 Cause Fear               Hex            2%         N/A       88%         4

Inventory:

Hand Weapons
 Y - a +2 sling (weapon)
Armour
 e - a +0 leather armour (worn)
Scrolls
 a - 2 scrolls of teleportation
 b - a scroll of identify
Potions
 f - a potion of curing

Dungeon Overview and Level Annotations

Branches:
Dungeon (3/15)

Altars:

Annotations:
D:3 Ijyb


Message History

The sling bullet hits the giant cockroach.
You kill the giant cockroach!
You shoot a sling bullet. The sling bullet hits the endoplasm.
The endoplasm quivers.
The endoplasm is heavily wounded.
You shoot a sling bullet. The sling bullet hits the endoplasm.
You kill the endoplasm!
Found a stone staircase leading up.
b - a scroll of identify
Found 5 stones.
There is a stone staircase leading up here.
A frilled lizard comes into view.
You shoot a sling bullet.
The sling bullet misses the frilled lizard.
You shoot a sling bullet.
The sling bullet misses the frilled lizard.
The frilled lizard misses you. You furiously retaliate!
You headbutt the frilled lizard. You shoot a sling bullet.
The sling bullet misses the frilled lizard.
The frilled lizard misses you.
You shoot a sling bullet.
The sling bullet hits the frilled lizard.
You kill the frilled lizard!
You see here a frilled lizard corpse.
Ijyb the Twisted Goblin comes into view.
She is wielding a +0 dagger and carrying a wand of iceblast (9).
You shoot a sling bullet.
The sling bullet hits Ijyb but does no damage.
Ijyb shouts!
Ijyb zaps a wand.
The mass of ice explodes!
The iceblast engulfs you!
You hear a shout!
You shoot a sling bullet.
The sling bullet completely misses Ijyb.
You shoot a sling bullet. The sling bullet hits Ijyb.
Ijyb is moderately wounded.
Ijyb zaps a wand.
The mass of ice explodes!
The iceblast engulfs you!
You shoot a sling bullet. The sling bullet closely misses Ijyb.
Ijyb zaps a wand.
The mass of ice explodes!
The iceblast engulfs you!!
Ouch! That really hurt!
You die...

#.# #.#.# # #.# #.#.# ..
#.# #.#(# #.# #.# #.#.#
#.# #.# #<#.###.###
##%###.........#
#.....##.#......
#########.....##.....##.
.......@..........#...#.
#...##.#......##......#.
# #g#.........#.#..#.
#.###...####....... ..
....# #..##.## .. ###..#
#.. #.# ... ...# #.. #.#
### .... .^. ... ## #.#


You could see Ijyb.

Vanquished Creatures
  4 bats
  5 endoplasms
  3 giant cockroaches
  A hobgoblin (D:1)
  5 kobolds
  A quokka (D:2)
  3 ball pythons (D:1)
  5 frilled lizards
  5 goblins
  3 rats (D:1)
35 creatures vanquished.

Notes
Turn   | Place    | Note
-------+----------+-------------------------------------------
     0 | D:1      | qw the Minotaur Hexslinger began the quest for the Orb.
     0 | D:1      | Reached XP level 1. HP: 16/16 MP: 1/1
     0 | D:1      | 0 ||| qw: Version: 0.3-a-52-g30416fa
     0 | D:1      | 0 ||| qw: Game counter: 5857
     0 | D:1      | 0 ||| qw: Melee chars always use a shield: true
     0 | D:1      | 0 ||| qw: God list: Okawaru
     0 | D:1      | 0 ||| qw: Allow faded altars: false
     0 | D:1      | 0 ||| qw: Do Orc after clearing Dungeon:15 true
     0 | D:1      | 0 ||| qw: Do second Lair branch before Depths: true
     0 | D:1      | 0 ||| qw: Lair rune preference: random
     0 | D:1      | 0 ||| qw: Goals: Normal
     0 | D:1      | 0 ||| PLANNING D:1-11
   172 | D:1      | Reached skill level 3 in Ranged Weapons
   172 | D:1      | Reached XP level 2. HP: 23/23 MP: 2/2
   352 | D:1      | Found a faded altar of an unknown god.
   558 | D:1      | 558 ||| UPGRADING to +0 leather armour.
   568 | D:1      | 568 ||| DROPPING +0 robe.
   569 | D:1      | 569 ||| READING 2 scrolls labelled DOELAZA LUOMN.
   574 | D:1      | 574 ||| READING scroll labelled OSCHAF EXZEUSU.
   575 | D:1      | 575 ||| READING scroll labelled QIREMI VOXEIR.
   576 | D:1      | 576 ||| DRINKING 2 amethyst potions.
   577 | D:1      | 577 ||| DROPPING scroll of poison.
   578 | D:1      | 578 ||| DROPPING potion of attraction.
   616 | D:2      | Reached XP level 3. HP: 28/29 MP: 3/3
  1231 | D:2      | 1231 ||| READING scroll labelled GOTOEMIEDU.
  1232 | D:2      | 1232 ||| DRINKING 2 white potions.
  1247 | D:3      | 1247 ||| STAIRDANCE
  1307 | D:3      | Noticed Ijyb
  1311 | D:3      | Killed from afar by Ijyb

Levels and vault maps discovered:
D:1:      saegor_arrival_miasma, layout_basic,
          shapermc_ecumenical_altar_rom_forum
D:2:      wander_river, layout_basic, minmay_misc_feat_roman, skrybe_limestone_x
D:3:      layout_loops_ring, mainiacjoe_overflow_small_starburst,
          nicolae_overflow_ecumenical_swirl, nicolae_dithmenos_the_darkroom,
          uniq_grinder, uniq_ijyb

Skill      XL: |  1  2 |
---------------+-------+-----
Ranged Weapons | 3 |  3.8
Fighting       | 2 |  2.0
Dodging        | |  2.1
Spellcasting   | |  1.0
Hexes          | |  2.0

Action                     || total
---------------------------++-------
   Fire: Sling             ||   100
    Use: Scroll            ||     4
         Potion            ||     2
 Armour: Robe              ||     4
         Leather armour    ||     1
  Dodge: Dodged            ||    27

Table legend:
 A = Non-vault XP
 B = Vault XP
 C = Vault XP percentage of total XP
 D = Non-vault monster count
 E = Vault monster count
 F = Vault count percentage of total count
                 A         B        C        D         E       F
            +---------+---------+-------+---------+---------+-------
      Total |      55 |       0 |   0.0 |      35 |       0 |   0.0
            +---------+---------+-------+---------+---------+-------
        D:1 |      40 |       0 |   0.0 |      25 |       0 |   0.0
        D:2 |      10 |       0 |   0.0 |       7 |       0 |   0.0
        D:3 |       5 |       0 |   0.0 |       3 |       0 |   0.0
            +---------+---------+-------+---------+---------+-------
